 Dungeon Crawl Stone Soup version 0.25.0-9-g26727b657a (webtiles) character file.

Game seed: 1591134803931773752

1722 Dirian the Carver (level 8, 0/70 HPs)
             Began as a Minotaur Fighter on June 16, 2020.
             Slain by a two-headed ogre
             ... wielding a +0 giant club
              (24 damage)
             ... on level 7 of the Dungeon.
             The game lasted 00:07:36 (4523 turns).

Dirian the Carver (Minotaur Fighter)                Turns: 4523, Time: 00:07:36

Health: 0/70       AC: 13    Str: 27    XL:     8   Next: 75%
Magic:  9/9        EV:  6    Int:  5    God:
Gold:   261        SH: 11    Dex:  9    Spells: 7/7 levels left

rFire    . . .     SeeInvis .   b - +1 scimitar (vorpal)
rCold    . . .     Gourm    .   c - +0 kite shield
rNeg     + . .     Faith    .   l - +0 chain mail
rPois    .         Spirit   .   (helmet restricted)
rElec    .         Reflect  .   y - +0 cloak
rCorr    +         Harm     .   p - +0 pair of gloves {Str+3}
MR       .....                  B - +0 pair of boots (curse)
Stlth    ..........             u - amulet of regeneration
HPRegen  0.61/turn              i - ring of positive energy
MPRegen  0.11/turn              v - ring of resist corrosion

@: mighty
A: retaliatory headbutt, horns 2
a: no special abilities


You were on level 7 of the Dungeon.
You were not hungry.

You visited 1 branch of the dungeon, and saw 7 of its levels.

You collected 261 gold pieces.

Inventory:

Hand Weapons
 a - a +0 long sword
 b - a +1 vorpal scimitar (weapon)
Armour
 c - a +0 kite shield (worn)
 l - a +0 chain mail (worn)
 p - a +0 pair of gloves of strength (worn)
 y - a +0 cloak (worn)
 z - a +0 tower shield
 B - a cursed +0 pair of boots (worn)
Jewellery
 g - an uncursed amulet of the acrobat
 i - a ring of positive energy (left hand)
 t - an uncursed ring of ice
 u - an amulet of regeneration (around neck)
 v - a ring of resist corrosion (right hand)
Wands
 f - a wand of polymorph (4)
Scrolls
 x - a scroll of remove curse
Potions
 h - a potion of cancellation
 j - a potion of lignification
 k - a potion of haste {unknown}
 m - a potion of brilliance {unknown}
 n - 3 potions of magic
 o - a potion of stabbing {unknown}
 q - a potion of curing
 s - 3 potions of flight
Comestibles
 e - 10 rations
 r - 12 chunks of flesh


   Skills:
 + Level 5.6 Fighting
 * Level 10.0 Long Blades
 + Level 5.9 Armour
 + Level 6.4 Shields
 * Level 2.9 Evocations


You had 7 spell levels left.
You didn't know any spells.
Your spell library contained the following spells:

 Spells                   Type           Power        Failure   Level  Hunger
 Summon Small Mammal      Summ           #...         100%        1    ##.....
 Call Imp                 Summ           #.......     100%        2    ###....
 Call Canine Familiar     Summ           #.......     100%        3    ####...
 Summon Guardian Golem    Hex/Summ       #.......     100%        3    ####...
 Summon Ice Beast         Ice/Summ       #.......     100%        4    #####..
 Summon Lightning Spire   Summ/Air       #.......     100%        4    #####..


Dungeon Overview and Level Annotations

Branches:
Dungeon (7/15)             Temple (0/1) D:5

Altars:
Nemelex Xobeh

Shops:
D:5 (


Innate Abilities, Weirdness & Mutations

You reflexively headbutt those who attack you in melee.
You have a pair of horns on your head.


Message History

The two-headed ogre is severely wounded.
The iguana bites you. The orc hits you with a +0 falchion.
The two-headed ogre hits you with a +0 giant club.
The two-headed ogre hits you with a +0 giant spiked club!
You slash the two-headed ogre!
The two-headed ogre is almost dead.
The iguana bites you. You block the orc's attack.
You block the two-headed ogre's attack.
The two-headed ogre hits you with a +0 giant spiked club!
* * * LOW HITPOINT WARNING * * *
You hit the two-headed ogre.
The two-headed ogre is almost dead.
The iguana barely misses you. The orc hits you but does no damage.
You block the two-headed ogre's attack. The two-headed ogre barely misses you.
You feel very mighty all of a sudden. You block the iguana's attack.
The orc hits you but does no damage.
You feel better. The iguana barely misses you. You furiously retaliate!
You headbutt the iguana.
The two-headed ogre hits you with a +0 giant club!!
You die...

##........##
#.........)#
#.$........#
#..........#
#$.........#
...........#
##.....l..##
#.....O@...#
#.....o....#
#..........#
#..........#
#..........#
##........##
##......##
########


You could see a two-headed ogre, an iguana and an orc.

Vanquished Creatures
  An orc warrior (D:5)
  An ice beast (D:2)
  An ogre (D:6)
  2 centaurs (D:5)
  2 scorpions (D:6)
  8 wights (D:6)
  2 howler monkeys
  A centaur zombie (D:5)
  A crimson imp (D:5)
  3 hounds (D:6)
  A jelly (D:6)
  3 orc wizards (D:6)
  2 centaur skeletons
  A bullfrog skeleton (D:4)
  3 iguanas
  3 worker ants
  A hound zombie (D:3)
  A worker ant zombie (D:5)
  4 adders
  7 gnolls
  A howler monkey skeleton (D:4)
  2 oozes (D:2)
  A worm (D:3)
  An adder skeleton (D:3)
  2 dart slugs (D:3)
  3 leopard geckos
  16 orcs
  5 giant cockroaches
  8 goblins
  7 hobgoblins
  20 jackals
  3 quokkas
  2 ball pythons (D:3)
  9 bats
  4 frilled lizards
  A giant cockroach zombie (D:6)
  A jackal skeleton (D:4)
  10 kobolds
  A leopard gecko skeleton (D:5)
  7 rats
152 creatures vanquished.

Notes
Turn   | Place    | Note
-------+----------+-------------------------------------------
     0 | D:1      | Dirian the Minotaur Fighter began the quest for the Orb.
     0 | D:1      | Reached XP level 1. HP: 19/19 MP: 0/0
   119 | D:1      | Reached XP level 2. HP: 23/27 MP: 1/1
   420 | D:1      | Reached skill level 3 in Long Blades
   623 | D:1      | Reached XP level 3. HP: 31/33 MP: 2/2
   946 | D:2      | Noticed an ice beast
   958 | D:2      | Killed an ice beast
   958 | D:2      | Reached skill level 4 in Long Blades
   958 | D:2      | Reached XP level 4. HP: 16/40 MP: 3/3
  1397 | D:2      | Reached XP level 5. HP: 46/46 MP: 4/4
  1972 | D:3      | Reached skill level 5 in Long Blades
  2354 | D:4      | Reached XP level 6. HP: 44/53 MP: 5/5
  2611 | D:4      | Reached skill level 6 in Long Blades
  2643 | D:4      | Reached skill level 5 in Shields
  2655 | D:4      | Reached skill level 5 in Armour
  2834 | D:5      | Entered Level 5 of the Dungeon
  2834 | D:5      | Found a sparkling altar of Nemelex Xobeh.
  2869 | D:5      | Found a staircase to the Ecumenical Temple.
  2876 | D:5      | Reached skill level 1 in Evocations
  2876 | D:5      | Reached XP level 7. HP: 60/60 MP: 6/6
  2891 | D:5      | Reached skill level 7 in Long Blades
  3250 | D:5      | Found Nithreon's Antique Weapon Emporium.
  3280 | D:5      | Reached skill level 5 in Fighting
  3312 | D:5      | Reached skill level 8 in Long Blades
  3640 | D:6      | Reached XP level 8. HP: 47/68 MP: 8/8
  3748 | D:6      | Reached skill level 9 in Long Blades
  4074 | D:6      | Found a sparkling altar of Nemelex Xobeh.
  4498 | D:7      | Noticed a two-headed ogre
  4501 | D:6      | Reached skill level 10 in Long Blades
  4523 | D:7      | Slain by a two-headed ogre

Illustrated notes

Levels and vault maps discovered:
D:1:      grunt_arrival_lava_bath, layout_basic
D:2:      layout_basic, first_ration
D:3:      layout_rooms, minmay_guardbox
D:4:      layout_cave_pools
D:5:      corexii_shack_village, layout_basic,
          minmay_temple_entry_drinking_statues, basic_altar,
          kennysheep_windowed_goal
D:6:      layout_loops_ring, overflow_temple_1_default
D:7:      layout_rooms

Skill      XL: |  1  2  3  4  5  6  7  8 |
---------------+-------------------------+-----
Armour         | 4 5 |  5.9
Long Blades    | 3 4 5 6 8 10 | 10.0
Fighting       | 4 5 |  5.6
Shields        | 4 5 6 |  6.4
Evocations     | 1 2 |  2.9

Action                   |  1- 3 |  4- 6 |  7- 9 || total
-------------------------+-------+-------+-------++-------
Melee: Long sword        |    61 |   167 |    18 ||   246
       Headbutt          |    12 |    36 |    38 ||    86
       Scimitar          |       |       |   167 ||   167
  Use: Scroll            |       |     8 |     5 ||    13
       Potion            |       |       |     2 ||     2
  Eat: Chunk             |       |     7 |     5 ||    12
Armor: Scale mail        |    26 |    64 |       ||    90
       Chain mail        |       |    26 |    90 ||   116
Dodge: Dodged            |    28 |    47 |    53 ||   128
Block: Kite shield       |    36 |   104 |    99 ||   239
       Rpst.: Long sword |     9 |     6 |     1 ||    16
       Scimitar          |       |       |    12 ||    12
